[Event "FICS rated lightning game"]
[Site "FICS freechess.org"]
[FICSGamesDBGameNo "20000048"]
[White "HNP"]
[Black "gilly"]
[WhiteElo "1747"]
[BlackElo "1804"]
[WhiteRD "na"]
[BlackRD "na"]
[TimeControl "60+0"]
[Date "1998.10.09"]
[Time "14:51:00"]
[WhiteClock "0:01:00.000"]
[BlackClock "0:01:00.000"]
[ECO "A43"]
[PlyCount "104"]
[Result "1-0"]

1. d4 c5 2. e3 cxd4 3. exd4 e6 4. Nf3 Nc6 5. Bd3 a6 6. c3 Qc7 7. O-O b5 8. Nbd2 Bb7 9. Re1 Be7 10. Nf1 Nf6 11. Ng3 h6 12. a3 O-O 13. Ne5 Nxe5 14. dxe5 Ne8 15. f4 Qc6 16. Qe2 d6 17. exd6 Nxd6 18. Qf3 Qxf3 19. gxf3 Bxf3 20. Kf2 Bg4 21. h3 Bxh3 22. Rh1 Bf5 23. Bxf5 Nxf5 24. Nxf5 exf5 25. Re1 Bh4+ 26. Kf1 Bxe1 27. Kxe1 Rfe8+ 28. Kf2 Re7 29. Be3 Rae8 30. Bd4 Re2+ 31. Kf3 Rxb2 32. c4 bxc4 33. Bxb2 Rc8 34. Rc1 Kf8 35. Bc3 Ke7 36. Rd1 Ke8 37. Rd4 Ke7 38. Rd5 Kf8 39. Rxf5 Kg8 40. Ra5 Ra8 41. Rc5 a5 42. Rxc4 a4 43. Rc7 Rd8 44. Bb4 Rd3+ 45. Ke4 Rb3 46. Bc5 Rb1 47. Rc8+ Kh7 48. Rc7 Re1+ 49. Kf5 Rg1 50. Ke4 Rg5 51. Kf3 Rg3+ 52. Kxg3 h5 {Black forfeits on time} 1-0

[Event "FICS rated blitz game"]
[Site "FICS freechess.org"]
[FICSGamesDBGameNo "20000047"]
[White "Oren"]
[Black "GBH"]
[WhiteElo "2023"]
[BlackElo "1897"]
[WhiteRD "na"]
[BlackRD "na"]
[TimeControl "180+0"]
[Date "1998.10.08"]
[Time "08:21:00"]
[WhiteClock "0:03:00.000"]
[BlackClock "0:03:00.000"]
[ECO "B23"]
[PlyCount "123"]
[Result "1-0"]

1. e4 c5 2. Nc3 e6 3. g3 d5 4. Bg2 d4 5. Nce2 Nc6 6. d3 e5 7. f4 f6 8. Nf3 Bd6 9. O-O Nge7 10. a3 O-O 11. f5 b5 12. g4 c4 13. g5 cxd3 14. cxd3 Kh8 15. Qe1 b4 16. Qh4 Ng8 17. Ng3 bxa3 18. bxa3 Ba6 19. Rd1 Rc8 20. gxf6 Qxf6 21. Bg5 Qf7 22. Qh3 Nce7 23. Nh4 Rc3 24. Ne2 Rxa3 25. Rxa3 Bxa3 26. Ra1 Qb3 27. Nc1 Qd1+ 28. Bf1 Bxc1 29. Rxc1 Qh5 30. Rc7 Qxg5+ 31. Ng2 Rb8 32. Rxa7 Bc8 33. Qg3 Qxg3 34. hxg3 Nc6 35. Ra2 Nb4 36. Rb2 Nf6 37. Kh2 Nc6 38. Kh3 Rxb2 39. Nh4 h6 40. Bg2 Kg8 41. Nf3 Kf7 42. Ng1 Rb3 43. Nf3 Ra3 44. Ne1 Ra1 45. Nf3 Ra3 46. Nh4 Ra7 47. Ng6 Ra3 48. Nh4 Rxd3 49. Kh2 Ra3 50. Kh3 Nb4 51. Kh2 d3 52. Kh3 d2 53. Bf3 d1=Q 54. Bxd1 Ra1 55. Bh5+ g6 56. Bxg6+ Kg7 57. Nf3 Rh1+ 58. Kg2 Ra1 59. Kf2 Ra2+ 60. Kf1 Nd3 61. Kg1 Rf2 62. Ne1 {Black forfeits on time} 1-0

[Event "FICS rated blitz game"]
[Site "FICS freechess.org"]
[FICSGamesDBGameNo "20000046"]
[White "scanchess"]
[Black "Krastapov"]
[WhiteElo "1867"]
[BlackElo "2122"]
[WhiteRD "na"]
[BlackRD "na"]
[TimeControl "180+0"]
[Date "1998.10.07"]
[Time "16:19:00"]
[WhiteClock "0:03:00.000"]
[BlackClock "0:03:00.000"]
[ECO "A46"]
[PlyCount "64"]
[Result "0-1"]

1. d4 Nf6 2. Nf3 e6 3. g3 c5 4. Bg2 cxd4 5. Nxd4 Bc5 6. O-O a6 7. c4 O-O 8. Nc3 Nc6 9. Nc2 Rb8 10. a3 b5 11. b4 Be7 12. c5 Bb7 13. Bf4 e5 14. Bg5 h6 15. Bxf6 Bxf6 16. Nd5 Re8 17. Nxf6+ Qxf6 18. Ne3 Nd4 19. Bxb7 Rxb7 20. Nd5 Qc6 21. Nc3 d6 22. Rc1 dxc5 23. bxc5 Qxc5 24. e3 Ne6 25. a4 b4 26. Ne4 Qe7 27. Qd5 f6 28. Rfd1 Rd8 29. Qb3 Rxd1+ 30. Rxd1 Kh7 31. Qd5 b3 32. Nd6 Rd7 {White forfeits on time} 0-1

[Event "FICS rated standard game"]
[Site "FICS freechess.org"]
[FICSGamesDBGameNo "20000045"]
[White "johnhomer"]
[Black "Ads"]
[WhiteElo "1720"]
[BlackElo "1351"]
[WhiteRD "na"]
[BlackRD "na"]
[TimeControl "900+15"]
[Date "1998.10.06"]
[Time "02:25:00"]
[WhiteClock "0:15:00.000"]
[BlackClock "0:15:00.000"]
[ECO "A40"]
[PlyCount "35"]
[Result "1-0"]

1. d4 Nc6 2. Nf3 d6 3. Nc3 e5 4. dxe5 dxe5 5. e4 Bd6 6. Bg5 Nf6 7. h3 O-O 8. Bc4 Bc5 9. O-O Nd4 10. Nxe5 Be6 11. Nd5 Qc8 12. c3 Bxd5 13. Bxd5 Nxd5 14. cxd4 f6 15. dxc5 fxg5 16. Qxd5+ Kh8 17. Nf7+ Kg8 18. Nd6+ {Black resigns} 1-0

[Event "FICS rated blitz game"]
[Site "FICS freechess.org"]
[FICSGamesDBGameNo "20000044"]
[White "timppa"]
[Black "Rai"]
[WhiteElo "1825"]
[BlackElo "1525"]
[WhiteRD "na"]
[BlackRD "na"]
[TimeControl "180+0"]
[Date "1998.10.02"]
[Time "08:18:00"]
[WhiteClock "0:03:00.000"]
[BlackClock "0:03:00.000"]
[ECO "C02"]
[PlyCount "43"]
[Result "1-0"]

1. e4 e6 2. d4 d5 3. e5 c5 4. c3 Nc6 5. Nf3 Bd7 6. Bd3 Qb6 7. O-O Nh6 8. Nbd2 c4 9. Bc2 Be7 10. h3 O-O 11. Nh2 f5 12. Ndf3 Be8 13. Bxh6 gxh6 14. Qd2 Kg7 15. b3 Bg6 16. bxc4 dxc4 17. d5 exd5 18. Qxd5 Rad8 19. Qxc4 Qc7 20. Rae1 a6 21. Nd4 Rc8 22. Ne6+ {Black resigns} 1-0

[Event "FICS rated blitz game"]
[Site "FICS freechess.org"]
[FICSGamesDBGameNo "20000043"]
[White "Foe"]
[Black "Chelsea"]
[WhiteElo "1203"]
[BlackElo "1354"]
[WhiteRD "na"]
[BlackRD "na"]
[TimeControl "300+0"]
[Date "1998.10.01"]
[Time "14:48:00"]
[WhiteClock "0:05:00.000"]
[BlackClock "0:05:00.000"]
[ECO "A22"]
[PlyCount "62"]
[Result "0-1"]

1. c4 e5 2. Nc3 Nf6 3. e3 Bb4 4. Qc2 O-O 5. Nf3 d6 6. Bd3 g6 7. Ne4 Nxe4 8. Bxe4 Be6 9. h4 c6 10. a3 Ba5 11. b4 Bc7 12. Bb2 d5 13. cxd5 Bxd5 14. Bxe5 Bxe5 15. Nxe5 Bxe4 16. Qxe4 Re8 17. d4 Nd7 18. h5 Nxe5 19. dxe5 Qg5 20. h6 Rxe5 21. Qd4 Rd8 22. Qc3 Qxg2 23. Ke2 Qg4+ 24. Kf1 Rd1+ 25. Rxd1 Qxd1+ 26. Qe1 Qd3+ 27. Kg1 Rg5+ 28. Kh2 Qd6+ 29. Kh3 Qe6+ 30. Kh2 Qg4 31. Qa1 Qh4# {White checkmated} 0-1

[Event "FICS rated blitz game"]
[Site "FICS freechess.org"]
[FICSGamesDBGameNo "20000042"]
[White "Szabi"]
[Black "PijamaRojo"]
[WhiteElo "1387"]
[BlackElo "1355"]
[WhiteRD "na"]
[BlackRD "na"]
[TimeControl "120+15"]
[Date "1998.09.27"]
[Time "12:33:00"]
[WhiteClock "0:02:00.000"]
[BlackClock "0:02:00.000"]
[ECO "C47"]
[PlyCount "125"]
[Result "1-0"]

1. e4 e5 2. Nf3 Nc6 3. Nc3 Nf6 4. b3 Bc5 5. Bb2 O-O 6. Bd3 Ng4 7. O-O d6 8. h3 Bxf2+ 9. Rxf2 Nxf2 10. Kxf2 Nd4 11. Nd5 Nxf3 12. Qxf3 Be6 13. Rf1 Qh4+ 14. Ke2 Rac8 15. Ne3 Qe7 16. Nd5 Qd7 17. Qg3 f5 18. exf5 Bxf5 19. Ne3 Bxd3+ 20. cxd3 Rxf1 21. Kxf1 Rf8+ 22. Ke2 c5 23. h4 Qc6 24. h5 h6 25. Ng4 Kh8 26. Ne3 b5 27. Kd1 Qe8 28. Qg4 Rf4 29. Qe2 Rh4 30. g4 Rh1+ 31. Kc2 g6 32. hxg6 Qxg6 33. Qg2 Rh4 34. Qa8+ Qg8 35. Qxa7 c4 36. Qe7 cxd3+ 37. Kxd3 Qg6+ 38. Kc3 Rh3 39. Qf8+ Kh7 40. Qf5 Qxf5 41. gxf5 Kg7 42. Kb4 h5 43. Kxb5 Rh2 44. Ba3 Rxd2 45. Nc4 h4 46. Bxd6 Rf2 47. Bxe5+ Kg8 48. Nd6 h3 49. f6 h2 50. Bxh2 Rxh2 51. f7+ Kf8 52. a4 Rh5+ 53. Kc6 Rh4 54. a5 Rb4 55. a6 Rxb3 56. a7 Ra3 57. Kb7 Rxa7+ 58. Kxa7 Ke7 59. Kb7 Kf8 60. Kc7 Ke7 61. Kc6 Kf8 62. Kd7 Kg7 63. Ke7 {Black resigns} 1-0

[Event "FICS rated blitz game"]
[Site "FICS freechess.org"]
[FICSGamesDBGameNo "20000039"]
[White "PHLEE"]
[Black "kresten"]
[WhiteElo "1189"]
[BlackElo "1332"]
[WhiteRD "na"]
[BlackRD "na"]
[TimeControl "300+12"]
[Date "1998.09.23"]
[Time "22:56:00"]
[WhiteClock "0:05:00.000"]
[BlackClock "0:05:00.000"]
[ECO "B18"]
[PlyCount "86"]
[Result "0-1"]

1. e4 c6 2. d4 d5 3. Nc3 dxe4 4. Nxe4 Bf5 5. Qf3 Be6 6. b3 Qc7 7. Bb2 Nd7 8. Ng5 Bd5 9. Qf5 Nh6 10. Qd3 O-O-O 11. O-O-O Qf4+ 12. Qd2 Qxd2+ 13. Rxd2 f6 14. N5f3 e5 15. Bd3 e4 16. Bc4 exf3 17. Nxf3 Bxf3 18. gxf3 Bb4 19. Re2 Rhe8 20. Be6 Nf5 21. Bxd7+ Kxd7 22. Rxe8 Rxe8 23. Rd1 Re2 24. c3 Bd6 25. Rf1 Bxh2 26. f4 Bxf4+ 27. Kb1 h5 28. Ba3 h4 29. f3 h3 30. Rh1 h2 31. Bc5 Ng3 32. Rd1 h1=Q 33. Rxh1 Nxh1 34. d5 cxd5 35. Bxa7 Nf2 36. Bd4 Nd1 37. c4 dxc4 38. bxc4 Bd6 39. Kc1 Ne3 40. Kb1 Nxc4 41. Kc1 b5 42. Kd1 Rd2+ 43. Kc1 Rxd4 {White resigns} 0-1

[Event "FICS rated blitz game"]
[Site "FICS freechess.org"]
[FICSGamesDBGameNo "20000038"]
[White "JanisPelkovalis"]
[Black "zgv"]
[WhiteElo "1370"]
[BlackElo "1486"]
[WhiteRD "na"]
[BlackRD "na"]
[TimeControl "300+1"]
[Date "1998.09.21"]
[Time "08:45:00"]
[WhiteClock "0:05:00.000"]
[BlackClock "0:05:00.000"]
[ECO "C00"]
[PlyCount "158"]
[Result "0-1"]

1. e4 e6 2. d4 Nc6 3. Nf3 b6 4. Bc4 d5 5. exd5 exd5 6. Bb3 Bg4 7. O-O Be7 8. Nc3 Nf6 9. Re1 O-O 10. a3 Re8 11. h3 Bxf3 12. Qxf3 Nxd4 13. Qd3 Nxb3 14. cxb3 c5 15. Bf4 a6 16. Qg3 Nh5 17. Qg4 Nxf4 18. Qxf4 Bd6 19. Qd2 d4 20. Ne4 Qc7 21. Qd3 Re5 22. Re2 Rae8 23. Rae1 h6 24. Nxd6 Qxd6 25. Rxe5 Rxe5 26. Rxe5 Qxe5 27. Qxa6 Qe1+ 28. Kh2 Qxf2 29. Qxb6 Qf4+ 30. Kg1 Qe3+ 31. Kh2 Qe5+ 32. Kg1 d3 33. Qd8+ Kh7 34. Qxd3+ g6 35. Qc4 Qe1+ 36. Kh2 Qe5+ 37. Kg1 Qe1+ 38. Kh2 Qe5+ 39. Kg1 Qe3+ 40. Kh1 Qe1+ 41. Kh2 Qe5+ 42. g3 Qxb2+ 43. Kg1 Qa1+ 44. Kf2 Qb2+ 45. Kf3 Qf6+ 46. Kg2 Qc6+ 47. Kf2 Qf6+ 48. Ke3 Qe5+ 49. Kf3 Qf5+ 50. Kg2 h5 51. a4 Kh6 52. a5 g5 53. a6 f6 54. a7 Qc8 55. b4 Qa8+ 56. Kf2 Qxa7 57. Qxc5 Qa2+ 58. Ke3 Qe6+ 59. Kd3 Qd7+ 60. Kc4 Qe6+ 61. Kb5 Qd7+ 62. Qc6 Qf5+ 63. Kb6 Qf2+ 64. Kc7 Qxg3+ 65. Qd6 Qc3+ 66. Kd8 Kg6 67. Qe7 Qd4+ 68. Ke8 Qd5 69. Qf8 Qe6+ 70. Qe7 Qc8+ 71. Qd8 Qc6+ 72. Qd7 Qe4+ 73. Qe7 Qc4 74. Qf8 Qb5+ 75. Ke7 Qxb4+ 76. Ke8 Qxf8+ 77. Kxf8 Kf5 78. Kf7 g4 79. hxg4+ hxg4 {White forfeits on time} 0-1

[Event "FICS rated blitz game"]
[Site "FICS freechess.org"]
[FICSGamesDBGameNo "20000037"]
[White "ChessFactory"]
[Black "maag"]
[WhiteElo "1342"]
[BlackElo "1617"]
[WhiteRD "na"]
[BlackRD "na"]
[TimeControl "120+12"]
[Date "1998.09.18"]
[Time "00:53:00"]
[WhiteClock "0:02:00.000"]
[BlackClock "0:02:00.000"]
[ECO "B32"]
[PlyCount "54"]
[Result "0-1"]

1. e4 c5 2. Nf3 Nc6 3. d4 cxd4 4. Nxd4 Qb6 5. Nxc6 bxc6 6. Nc3 e6 7. a3 d5 8. exd5 exd5 9. Na4 Qa5+ 10. c3 Nf6 11. b4 Qc7 12. Bg5 Be7 13. Qe2 O-O 14. Bxf6 Bxf6 15. Qd3 Bd7 16. Nc5 Rfe8+ 17. Be2 Bg4 18. f3 Bh5 19. O-O Bg6 20. Qd2 Bxc3 21. Qxc3 Rxe2 22. Rfe1 Rae8 23. Kf1 Qe7 24. Rec1 Qg5 25. g4 Qh4 26. Qd4 Qh3+ 27. Kg1 Qxh2+ {White resigns} 0-1

[Event "FICS rated blitz game"]
[Site "FICS freechess.org"]
[FICSGamesDBGameNo "20000035"]
[White "KnightMate"]
[Black "Ludgewick"]
[WhiteElo "1651"]
[BlackElo "1732"]
[WhiteRD "na"]
[BlackRD "na"]
[TimeControl "180+0"]
[Date "1998.09.16"]
[Time "11:06:00"]
[WhiteClock "0:03:00.000"]
[BlackClock "0:03:00.000"]
[ECO "C69"]
[PlyCount "37"]
[Result "1-0"]

1. e4 e5 2. Nf3 Nc6 3. Bb5 a6 4. Bxc6 dxc6 5. O-O f6 6. d4 exd4 7. Qxd4 Qxd4 8. Nxd4 c5 9. Nb3 c4 10. Be3 cxb3 11. axb3 Bd6 12. Nd2 Ne7 13. Nc4 f5 14. e5 f4 15. exd6 fxe3 16. dxe7 exf2+ 17. Rxf2 Kxe7 18. Re1+ Kd8 19. Rd2+ {Black resigns} 1-0

[Event "FICS rated lightning game"]
[Site "FICS freechess.org"]
[FICSGamesDBGameNo "20000034"]
[White "tofe"]
[Black "osmark"]
[WhiteElo "1573"]
[BlackElo "1464"]
[WhiteRD "na"]
[BlackRD "na"]
[TimeControl "60+0"]
[Date "1998.09.16"]
[Time "08:47:00"]
[WhiteClock "0:01:00.000"]
[BlackClock "0:01:00.000"]
[ECO "C51"]
[PlyCount "56"]
[Result "0-1"]

1. e4 e5 2. Nf3 Nc6 3. Bc4 Bc5 4. b4 Bxb4 5. c3 Bc5 6. d4 Bd6 7. Qb3 Nf6 8. Bxf7+ Kf8 9. dxe5 Bxe5 10. Nxe5 Nxe5 11. Bc4 Nxc4 12. Qxc4 Qe7 13. O-O Nxe4 14. Ba3 d6 15. Re1 Be6 16. Qxe4 Re8 17. Qf4+ Bf7 18. Rxe7 Rxe7 19. Nd2 c5 20. Nf3 h6 21. Re1 g5 22. Qd2 Rg8 23. Rxe7 Kxe7 24. Ne1 Rg7 25. Qe3+ Kd7 26. Nd3 Bd5 27. Nxc5+ Kc6 28. Ne6 Re7 {White forfeits on time} 0-1

[Event "FICS rated blitz game"]
[Site "FICS freechess.org"]
[FICSGamesDBGameNo "20000033"]
[White "brucem"]
[Black "drfalcon"]
[WhiteElo "1872"]
[BlackElo "2079"]
[WhiteRD "na"]
[BlackRD "na"]
[TimeControl "300+0"]
[Date "1998.09.06"]
[Time "02:51:00"]
[WhiteClock "0:05:00.000"]
[BlackClock "0:05:00.000"]
[ECO "D94"]
[PlyCount "80"]
[Result "0-1"]

1. d4 d5 2. c4 c6 3. Nc3 Nf6 4. e3 g6 5. Nf3 Bg7 6. h3 Ne4 7. Bd3 Nxc3 8. bxc3 dxc4 9. Bxc4 O-O 10. e4 b5 11. Bb3 Bb7 12. O-O c5 13. e5 c4 14. Bc2 Nd7 15. Bf4 Nb6 16. Qd2 Qd7 17. Ng5 Nd5 18. Bg3 Bh6 19. f4 f5 20. e6 Qc7 21. Nf7 Bg7 22. Rae1 Qa5 23. Rf3 Qxa2 24. Bh4 a5 25. Rg3 b4 26. Bg5 b3 27. Nh6+ Bxh6 28. Bxh6 Rfb8 29. Rxg6+ hxg6 30. Qf2 Qxc2 31. Qg3 Kh8 32. Qh4 Nxc3 33. Bf8+ Kg8 34. d5 Rxf8 35. Qg5 Rf6 36. h4 Ne2+ 37. Kh2 b2 38. d6 b1=Q 39. dxe7 Qxe1 40. h5 Qg1+ {White forfeits on time} 0-1

[Event "FICS rated blitz game"]
[Site "FICS freechess.org"]
[FICSGamesDBGameNo "20000032"]
[White "maxlad"]
[Black "Sousa"]
[WhiteElo "1401"]
[BlackElo "1426"]
[WhiteRD "na"]
[BlackRD "na"]
[TimeControl "600+0"]
[Date "1998.09.04"]
[Time "15:48:00"]
[WhiteClock "0:10:00.000"]
[BlackClock "0:10:00.000"]
[ECO "B20"]
[PlyCount "61"]
[Result "1-0"]

1. e4 c5 2. Bc4 a6 3. Nf3 b5 4. Be2 Nc6 5. d4 cxd4 6. O-O Bb7 7. Nxd4 Nxd4 8. Qxd4 Rc8 9. c3 Nf6 10. e5 Nd5 11. Bf3 e6 12. Nd2 Bc5 13. Qg4 O-O 14. Nb3 Re8 15. Nxc5 Rxc5 16. Bh6 g6 17. Rad1 Rc4 18. Rd4 Qb6 19. Qg5 f5 20. Bxd5 exd5 21. Qf6 Qxf6 22. exf6 Rxd4 23. cxd4 Re2 24. Rb1 Rd2 25. Bxd2 Kf7 26. Bg5 Bc6 27. b4 Ke6 28. g3 Kf7 29. Re1 Kf8 30. Re7 Kg8 31. Bh6 {Black resigns} 1-0

[Event "FICS rated blitz game"]
[Site "FICS freechess.org"]
[FICSGamesDBGameNo "20000031"]
[White "akuo"]
[Black "cocodrilo"]
[WhiteElo "1437"]
[BlackElo "1861"]
[WhiteRD "na"]
[BlackRD "na"]
[TimeControl "240+0"]
[Date "1998.09.03"]
[Time "01:57:00"]
[WhiteClock "0:04:00.000"]
[BlackClock "0:04:00.000"]
[ECO "B70"]
[PlyCount "86"]
[Result "0-1"]

1. e4 c5 2. Nf3 d6 3. d4 cxd4 4. Nxd4 Nf6 5. Nc3 g6 6. Bg5 Bg7 7. Qf3 O-O 8. Bd3 Nc6 9. Ndb5 a6 10. Na3 Be6 11. O-O-O b5 12. Ncb1 Nb4 13. b3 Nxa2+ 14. Kb2 Nb4 15. c3 Nxd3+ 16. Rxd3 b4 17. Nc4 bxc3+ 18. Nxc3 Rb8 19. Kc2 Bxc4 20. bxc4 Qa5 21. e5 Qxe5 22. Re3 Qxg5 23. Rxe7 Qa5 24. Rhe1 h5 25. h3 h4 26. g4 hxg3 27. fxg3 Nh5 28. g4 Bxc3 29. R1e3 Rb2+ 30. Kd3 Rd2+ 31. Ke4 Nf6+ 32. Kf4 Be5+ 33. Kg5 Nh7+ 34. Kh4 Bf6+ 35. Kg3 Bxe7 36. Rxe7 Ng5 37. Qf4 Rd3+ 38. Kh4 Nf3+ 39. Kg3 Ne5+ 40. Kf2 Qa2+ 41. Kg1 Rd1+ 42. Qf1 Nf3+ 43. Kh1 Qh2# {White checkmated} 0-1

[Event "FICS rated blitz game"]
[Site "FICS freechess.org"]
[FICSGamesDBGameNo "20000030"]
[White "Modler"]
[Black "killerbee"]
[WhiteElo "1969"]
[BlackElo "2008"]
[WhiteRD "na"]
[BlackRD "na"]
[TimeControl "300+0"]
[Date "1998.08.26"]
[Time "16:20:00"]
[WhiteClock "0:05:00.000"]
[BlackClock "0:05:00.000"]
[ECO "D34"]
[PlyCount "77"]
[Result "1-0"]

1. d4 d5 2. c4 e6 3. Nc3 c5 4. cxd5 exd5 5. Nf3 Nc6 6. g3 Nf6 7. Bg2 Be7 8. O-O O-O 9. Bg5 Be6 10. Ne5 Nxd4 11. e3 Nc6 12. Nxc6 bxc6 13. Rc1 Rb8 14. b3 Qa5 15. Na4 Rfe8 16. Bxf6 gxf6 17. Qc2 c4 18. bxc4 Rb4 19. cxd5 cxd5 20. Nc3 Rc8 21. Qd3 Rbc4 22. Ne2 Rxc1 23. Rxc1 Rxc1+ 24. Nxc1 Qe1+ 25. Qf1 Qd2 26. h4 Bg4 27. Nb3 Qxa2 28. Bxd5 Be6 29. Qc4 Qb1+ 30. Kg2 Qf5 31. Bxe6 Qxe6 32. Qa4 Qd5+ 33. Kh2 Bc5 34. Qg4+ Kf8 35. Qc8+ Kg7 36. Nxc5 Qf3 37. Kg1 Qd1+ 38. Kg2 Qd5+ 39. e4 {Black resigns} 1-0

[Event "FICS rated blitz game"]
[Site "FICS freechess.org"]
[FICSGamesDBGameNo "20000029"]
[White "killerbee"]
[Black "beefheart"]
[WhiteElo "1989"]
[BlackElo "1888"]
[WhiteRD "na"]
[BlackRD "na"]
[TimeControl "300+0"]
[Date "1998.08.26"]
[Time "13:28:00"]
[WhiteClock "0:05:00.000"]
[BlackClock "0:05:00.000"]
[ECO "C01"]
[PlyCount "99"]
[Result "1-0"]

1. e4 e6 2. d4 d5 3. exd5 exd5 4. Nf3 Bd6 5. c4 Bb4+ 6. Nc3 Bg4 7. a3 Bxc3+ 8. bxc3 Ne7 9. h3 Bh5 10. Be2 O-O 11. O-O Nd7 12. a4 c6 13. Ba3 Re8 14. Re1 Nb6 15. c5 Nd7 16. Bc1 b6 17. cxb6 axb6 18. Bg5 f6 19. Bf4 Bf7 20. Qc2 Bg6 21. Bd3 Bxd3 22. Qxd3 Ng6 23. Bg3 Rxe1+ 24. Nxe1 Qe7 25. Nc2 b5 26. a5 Qd8 27. Nb4 c5 28. dxc5 Nxc5 29. Qxb5 Nb3 30. Ra3 Rxa5 31. Rxa5 Qxa5 32. Qxd5+ Qxd5 33. Nxd5 Kf7 34. Nf4 Ne5 35. Ne2 Nc4 36. f3 Ke6 37. Kf2 Kd5 38. Nf4+ Ke5 39. Nh5+ Ke6 40. Nxg7+ Kf7 41. Nf5 Nc1 42. Nd6+ Nxd6 43. Bxd6 Nd3+ 44. Ke3 Nb2 45. g4 Nc4+ 46. Kd4 Nxd6 47. c4 Ke6 48. c5 Nb5+ 49. Kc4 Nc7 50. f4 {Black forfeits on time} 1-0

[Event "FICS rated lightning game"]
[Site "FICS freechess.org"]
[FICSGamesDBGameNo "20000028"]
[White "Diagonaliser"]
[Black "postbode"]
[WhiteElo "1793"]
[BlackElo "1567"]
[WhiteRD "na"]
[BlackRD "na"]
[TimeControl "60+2"]
[Date "1998.08.23"]
[Time "06:42:00"]
[WhiteClock "0:01:00.000"]
[BlackClock "0:01:00.000"]
[ECO "B76"]
[PlyCount "60"]
[Result "0-1"]

1. e4 c5 2. Nc3 Nc6 3. Nge2 g6 4. d4 cxd4 5. Nxd4 Bg7 6. Be3 d6 7. f3 Nf6 8. Qd2 O-O 9. g4 Nxd4 10. Bxd4 Be6 11. O-O-O Qa5 12. a3 Rfc8 13. h4 Rab8 14. Kb1 b5 15. Nd5 Qxd2 16. Rxd2 Bxd5 17. exd5 a6 18. h5 Nd7 19. hxg6 hxg6 20. Bxg7 Kxg7 21. g5 Rh8 22. Rdh2 Rxh2 23. Rxh2 Ne5 24. f4 Nd7 25. Re2 Kf8 26. Re3 Nb6 27. Rd3 Rc8 28. Rd4 Rc5 29. b3 Rxd5 30. Rb4 Rd1+ {White resigns} 0-1

[Event "FICS rated blitz game"]
[Site "FICS freechess.org"]
[FICSGamesDBGameNo "20000027"]
[White "Gaus"]
[Black "Visje"]
[WhiteElo "1869"]
[BlackElo "2035"]
[WhiteRD "na"]
[BlackRD "na"]
[TimeControl "180+0"]
[Date "1998.08.05"]
[Time "09:04:00"]
[WhiteClock "0:03:00.000"]
[BlackClock "0:03:00.000"]
[ECO "B00"]
[PlyCount "93"]
[Result "1-0"]

1. e4 Nc6 2. Nf3 d5 3. exd5 Qxd5 4. Nc3 Qa5 5. Bb5 Bd7 6. O-O O-O-O 7. a3 h5 8. b4 Qb6 9. d3 e5 10. Be3 Nd4 11. Bxd7+ Rxd7 12. Nxe5 Re7 13. Nc4 Qf6 14. Nd5 Qh4 15. Nxe7+ Bxe7 16. c3 Nc6 17. b5 Nb8 18. Bxa7 Nf6 19. b6 c6 20. Bxb8 Kxb8 21. Qa4 Ng4 22. Qa7+ Kc8 23. Qa8+ Kd7 24. Qxb7+ Ke8 25. Qxc6+ Kf8 26. h3 Nf6 27. Qc8+ Ne8 28. b7 g5 29. b8=Q Kg7 30. Qe5+ Bf6 31. Qexe8 Rxe8 32. Qxe8 Bxc3 33. Nd6 Qf4 34. Qxf7+ Qxf7 35. Nxf7 Kxf7 36. a4 Bxa1 37. Rxa1 Ke6 38. a5 Kd5 39. a6 Kd4 40. a7 Kxd3 41. a8=Q Kd4 42. Re1 g4 43. Qd8+ Kc3 44. Rc1+ Kb2 45. Qc7 gxh3 46. Qc3+ Ka2 47. Ra1# {Black checkmated} 1-0

[Event "FICS rated blitz game"]
[Site "FICS freechess.org"]
[FICSGamesDBGameNo "20000026"]
[White "Annemi"]
[Black "AlienEyes"]
[WhiteElo "1348"]
[BlackElo "1405"]
[WhiteRD "na"]
[BlackRD "na"]
[TimeControl "300+0"]
[Date "1998.08.04"]
[Time "16:44:00"]
[WhiteClock "0:05:00.000"]
[BlackClock "0:05:00.000"]
[ECO "C02"]
[PlyCount "56"]
[Result "0-1"]

1. e4 e6 2. d4 d5 3. e5 c5 4. Nf3 Nc6 5. c3 cxd4 6. cxd4 Qb6 7. Be3 Nge7 8. b3 Nf5 9. Nc3 Bb4 10. Bd2 Nfxd4 11. Nxd4 Qxd4 12. Rc1 O-O 13. Bb5 Nxe5 14. O-O a6 15. Be2 Bd7 16. Be3 Qxd1 17. Rfxd1 Rac8 18. Na4 Bxa4 19. bxa4 h6 20. Bd4 Nc4 21. Bxc4 Ba3 22. Rc3 dxc4 23. Rxa3 Rfd8 24. Rc3 e5 25. Rdc1 exd4 26. Rxc4 Rxc4 27. Rxc4 d3 28. f3 d2 {White resigns} 0-1

[Event "FICS rated blitz game"]
[Site "FICS freechess.org"]
[FICSGamesDBGameNo "20000025"]
[White "GARP"]
[Black "Slammer"]
[WhiteElo "1611"]
[BlackElo "1475"]
[WhiteRD "na"]
[BlackRD "na"]
[TimeControl "300+0"]
[Date "1998.07.30"]
[Time "12:27:00"]
[WhiteClock "0:05:00.000"]
[BlackClock "0:05:00.000"]
[ECO "C15"]
[PlyCount "58"]
[Result "0-1"]

1. e4 e6 2. d4 d5 3. Nc3 Bb4 4. Qg4 Nf6 5. Qxg7 Rg8 6. Qh6 Rg6 7. Qe3 Nxe4 8. Ne2 Nd7 9. a3 Ba5 10. b4 Bb6 11. Nxe4 dxe4 12. Qxe4 Nf6 13. Qd3 Nd5 14. c4 Nf6 15. c5 Bxc5 16. bxc5 e5 17. Bb2 Rg5 18. g3 Bf5 19. Qe3 Nd5 20. Qxe5+ Be6 21. Bh3 Rxe5 22. dxe5 Bxh3 23. Rd1 Bg2 24. Rg1 Bf3 25. Rd3 Bxe2 26. Kxe2 c6 27. Rgd1 Qg5 28. f4 Qh5+ 29. Kf2 Qxh2+ {White resigns} 0-1

[Event "FICS rated lightning game"]
[Site "FICS freechess.org"]
[FICSGamesDBGameNo "20000024"]
[White "titaantje"]
[Black "TheLongOne"]
[WhiteElo "1797"]
[BlackElo "1888"]
[WhiteRD "na"]
[BlackRD "na"]
[TimeControl "60+0"]
[Date "1998.07.19"]
[Time "08:49:00"]
[WhiteClock "0:01:00.000"]
[BlackClock "0:01:00.000"]
[ECO "A40"]
[PlyCount "64"]
[Result "0-1"]

1. d4 e5 2. dxe5 Nc6 3. Nf3 Bb4+ 4. c3 Be7 5. e4 f6 6. exf6 Nxf6 7. Bd3 O-O 8. e5 Nd5 9. O-O Nf4 10. Bc2 d6 11. Bxf4 Rxf4 12. Re1 Bg4 13. Nbd2 d5 14. h3 Bh5 15. Qe2 Qf8 16. Nb3 Re8 17. Nbd4 Nxd4 18. cxd4 Bxf3 19. gxf3 Rxf3 20. Kh1 Rxf2 21. Qd3 Qf3+ 22. Qxf3 Rxf3 23. Rf1 Ref8 24. Kg2 Rxf1 25. Rxf1 Rxf1 26. Kxf1 h5 27. Kg2 g5 28. Kg3 Kg7 29. Bf5 Bb4 30. Bc8 Bd2 31. Bxb7 Bb4 32. Bxd5 Bd2 {White forfeits on time} 0-1

[Event "FICS rated blitz game"]
[Site "FICS freechess.org"]
[FICSGamesDBGameNo "20000023"]
[White "Jonar"]
[Black "IAmAMonkey"]
[WhiteElo "1293"]
[BlackElo "1408"]
[WhiteRD "na"]
[BlackRD "na"]
[TimeControl "120+12"]
[Date "1998.07.16"]
[Time "10:53:00"]
[WhiteClock "0:02:00.000"]
[BlackClock "0:02:00.000"]
[ECO "A45"]
[PlyCount "89"]
[Result "0-1"]

1. d4 Nf6 2. Bg5 g6 3. Bxf6 exf6 4. Nf3 Bg7 5. e3 O-O 6. Bc4 d5 7. Bb3 c6 8. c4 Bg4 9. cxd5 cxd5 10. O-O Nc6 11. Nc3 Be6 12. a3 Na5 13. Bc2 Rc8 14. Bb3 Nc4 15. Qc2 a6 16. Nd2 b5 17. Nxc4 dxc4 18. Ba2 Bd5 19. Rfd1 Rc7 20. e4 Bb7 21. b3 cxb3 22. Qxb3 Qc8 23. Rac1 Re8 24. f3 a5 25. Ne2 Ba6 26. Rxc7 Qxc7 27. Rc1 Qd7 28. d5 b4 29. Nd4 Qa7 30. d6 Qxd4+ 31. Kh1 Qa7 32. Rd1 Rd8 33. Qd5 Rd7 34. axb4 axb4 35. h3 Bf8 36. e5 fxe5 37. Qxe5 Bc8 38. Qd5 Qb7 39. Qc5 b3 40. Rb1 Rxd6 41. Bxb3 Rd1+ 42. Qg1 Rxg1+ 43. Kxg1 Bc5+ 44. Kh1 Be6 45. Rb2 {White resigns} 0-1